 Dungeon Crawl Stone Soup version 0.32-a0-872-g59262bdc9b (webtiles) character file.

Game seed: 7007164595054979571

391 Goblin1989 the Sneak (level 6, -14/44 HPs)
             Began as a Demonspawn Brigand on Mar 30, 2024.
             Was a Follower of Uskayaw.
             Demolished by an ogre
             ... wielding a +0 giant club
              (33 damage)
             ... on level 4 of the Dungeon.
             The game lasted 00:05:18 (2878 turns).

Goblin1989 the Sneak (Demonspawn Brigand)           Turns: 2878, Time: 00:05:18

Health: -14/44     AC:  6    Str: 11    XL:     6   Next: 50%
Magic:  8/8        EV: 10    Int: 11    God:    Uskayaw [*.....]
Gold:   144        SH:  0    Dex: 17    Spells: 5/5 levels left

rFire   . . .        a - +2 dagger
rCold   . . .        (no shield)
rNeg    . . .        b - +0 robe
rPois   .            (no helmet)
rElec   .            c - +0 cloak
rCorr   .            (no gloves)
SInv    .            (no boots)
Will    .....        k - amulet of regeneration
Stlth   +++          (no ring)
HPRegen 1.07/turn    (no ring)
MPRegen 0.11/turn

%: no passive effects
@: no status effects
A: yellow scales 2, demonic guardian 2
a: Renounce Religion, Stomp


You were on level 4 of the Dungeon.
You worshipped Uskayaw.
Uskayaw was noncommittal.
You visited 1 branch of the dungeon, and saw 4 of its levels.

You collected 144 gold pieces.

Inventory:

Hand Weapons
 a - a +2 dagger (weapon)
Missiles
 d - 5 poisoned darts (quivered)
 e - 3 curare-tipped darts
Armour
 b - a +0 robe (worn)
 c - a +0 cloak (worn)
Jewellery
 k - an amulet of regeneration (around neck)
 r - a ring of wizardry
Scrolls
 f - a scroll of teleportation {unknown}
 g - a scroll of revelation {unknown}
 m - 2 scrolls of identify {unknown}
 n - a scroll of immolation {unknown}
 o - a scroll of enchant armour {unknown}
 q - a scroll of noise {unknown}
 s - a scroll of vulnerability {unknown}
Potions
 h - a potion of ambrosia {unknown}
 i - a potion of brilliance {unknown}
 j - a potion of curing {unknown}
 l - 4 potions of heal wounds {unknown}
 p - a potion of might {unknown}


   Skills:
 - Level 2.0 Fighting
 * Level 4.3 Short Blades
 - Level 1.7 Throwing
 - Level 0.8 Dodging
 * Level 5.7 Stealth
 + Level 3.1 Invocations


You had 5 spell levels left.
You didn't know any spells.
Your spell library contained the following spells:

 Spells                   Type           Power      Damage    Failure   Level
 Animate Dead             Necr           0%         N/A       98%         4
 Haunt                    Necr/Summ      0%         N/A       100%        7
 Infestation              Necr           0%         N/A       100%        8


Dungeon Overview and Level Annotations

Branches:
Dungeon (4/15) Zot: 21155
 Temple: D:4-7

Altars:
Uskayaw


Innate Abilities, Weirdness & Mutations

You are mostly covered in yellow scales. (AC +3)
A demonic guardian rushes to your aid.


Message History

You hit the jelly.
Your hands burn!
The jelly is severely wounded.
The jelly hits you but does no damage.
You take 2 damage, and have 37/44 hp.
You hit the jelly.
You kill the jelly!
Your Invocations skill increases to level 3!
No target in view!
No target in view!
No target in view!
No target in view!
No target in view!
No target in view!
No target in view!
No target in view!
No target in view!
No target in view!
No target in view!
No target in view!
No target in view!
r - a ring of wizardry Health restored: 44
s - a scroll labelled LIGUFU FAILIST A hound comes into view.
A hound is nearby!
The hound barks!
The hound barely misses you. The hound bites you.
You take 2 damage, and have 42/44 hp.
You miss the hound. The hound closely misses you.
You barely miss the hound. The hound barely misses you.
Health restored: 44 You closely miss the hound.
The hound bites you but does no damage.
You closely miss the hound. The hound misses you. The hound barely misses you.
You closely miss the hound. The hound bites you but does no damage.
You hit the hound.
The hound is moderately wounded.
The hound barely misses you.
You hit the hound.
The hound is moderately wounded.
The hound closely misses you.
You barely miss the hound.
The hound is moderately wounded.
The hound bites you but does no damage.
You closely miss the hound.
The hound is moderately wounded.
The hound bites you but does no damage. The hound misses you.
You hit the hound.
The hound is heavily wounded.
The hound completely misses you.
You miss the hound.
The hound is heavily wounded.
The hound bites you.
You take 2 damage, and have 42/44 hp.
You hit the hound.
The hound is severely wounded.
The hound barely misses you.
You can now pass through a line of other dancers.
You hit the hound.
The hound is almost dead.
The hound stops to sniff the ground.
The hound bites you but does no damage.
Health restored: 44 You closely miss the hound.
The hound is almost dead.
The hound barely misses you. The hound bites you.
You take 3 damage, and have 41/44 hp.
A hound is nearby!
You hit the hound.
You kill the hound!
No target in view!
No target in view!
No target in view!
m - 2 scrolls labelled YJEMEIL UTOL (gained 1)
An ogre comes into view. It is wielding a +0 giant club.
Health restored: 44 An ogre is nearby!
You throw a poisoned dart. The poisoned dart hits the ogre.
The ogre is poisoned.
The ogre shouts!
You throw a poisoned dart.
The poisoned dart barely misses the ogre.
You throw a poisoned dart. The poisoned dart hits the ogre.
The ogre looks even sicker.
The ogre is lightly wounded.
You throw a poisoned dart.
The poisoned dart barely misses the ogre.
You hit the ogre but do no damage.
The ogre is moderately wounded.
You hit the ogre.
The ogre is moderately wounded.
The ogre hits you with a +0 giant club!!
Ouch! That really hurt!
* * * LOW HITPOINT WARNING * * *
A demonic guardian appears!
You take 26 damage, and have 18/44 hp.
MASSIVE DAMAGE!!
The ogre attacks as it pursues you!
The ogre hits you with a +0 giant club!!
Ouch! That really hurt!
You die...
Your body falls in perfect tune with the rhythm.

.......█.....█....)..
.......█.............
.....................
███.███.............. .██
█.███.............. ....
█..................
███..██..████..██........
█........█ .███........
..██...4@█ █.███........


█████O█ ██............ █...█...██........ .................. ..(.........<.....█
.................███ █...(.........†.█...█ ................███..
.....(...........█ ██. You could see an ogre (very poisoned, ally target) and a
friendly ice devil (summoned).

Vanquished Creatures
  A scorpion (D:4)
  A hound (D:4)
  A jelly (D:4)
  An iguana (D:4)
  3 adders
  A dart slug (D:3)
  A ribbon worm (D:2)
  4 orcs (D:4)
  3 ball pythons
  4 bats
  3 endoplasms
  3 giant cockroaches
  2 goblins (D:3)
  4 hobgoblins
  2 jackals (D:3)
  6 kobolds
  5 quokkas
  3 frilled lizards
  7 rats
55 creatures vanquished.

Vanquished Creatures (collateral kills)
  A sky beast (D:4)
  A sleepcap (D:4)
  An iguana (D:4)
  An orc wizard (D:4)
4 creatures vanquished.

Grand Total: 59 creatures vanquished

Notes
Turn   | Place    | Note
-------+----------+-------------------------------------------
     0 | D:1      | Goblin1989 the Demonspawn Brigand began the quest for the
                  | Orb.
     0 | D:1      | Reached XP level 1. HP: 16/16 MP: 1/1
   262 | D:1      | Gained mutation: You are partially covered in yellow
                  | scales. (AC +2) [demonic ancestry]
   262 | D:1      | Reached XP level 2. HP: 22/22 MP: 2/2
   395 | D:1      | Reached skill level 4 in Stealth
   797 | D:2      | Gained mutation: A weak demonic guardian rushes to your
                  | aid. [demonic ancestry]
   797 | D:2      | Reached XP level 3. HP: 8/27 MP: 3/3
  1236 | D:2      | Found a hide-covered altar of Uskayaw.
  1743 | D:2      | Became a worshipper of Uskayaw the Reveller
  1849 | D:3      | Reached * piety under Uskayaw
  2126 | D:3      | Noticed an ice beast
  2271 | D:3      | Found a faded altar of an unknown god.
  2282 | D:3      | Reached ** piety under Uskayaw
  2294 | D:3      | Reached XP level 4. HP: 33/33 MP: 4/4
  2567 | D:4      | Noticed a scorpion
  2568 | D:4      | Killed a scorpion
  2569 | D:4      | Reached skill level 1 in Invocations
  2574 | D:4      | Gained mutation: A demonic guardian rushes to your aid.
                  | [demonic ancestry]
  2574 | D:4      | Reached XP level 5. HP: 38/38 MP: 4/6
  2610 | D:4      | Noticed a sky beast
  2656 | D:4      | Killed a sky beast
  2657 | D:4      | Reached skill level 5 in Stealth
  2709 | D:4      | Gained mutation: You are mostly covered in yellow scales.
                  | (AC +3) [demonic ancestry]
  2709 | D:4      | Reached XP level 6. HP: 44/44 MP: 7/7
  2878 | D:4      | Demolished by an ogre

Illustrated notes

Levels and vault maps discovered:
D:1:      lightli_arrival_flooded_house, layout_basic
D:2:      layout_basic, basic_altar
D:3:      layout_loops_ring, shapermc_ecumenical_altar_notcrosses
D:4:      layout_rooms, uniq_ijyb

Skill      XL: |  1  2  3  4  5  6 |
---------------+-------------------+-----
Short Blades   | 2 3 4 |  4.3
Stealth        | 4 5 |  5.7
Invocations    | 1 2 3 |  3.1
Fighting       | |  2.0
Throwing       | |  1.7
Dodging        | |  0.8

Action                     |  1- 3 |  4- 6 || total
---------------------------+-------+-------++-------
  Melee: Dagger            |   180 |    66 ||   246
  Throw: Dart              |       |     4 ||     4
   Stab: Sleeping          |     9 |     2 ||    11
 Armour: Robe              |    95 |    37 ||   132
  Dodge: Dodged            |    89 |    37 ||   126

Table legend: (Time is in decaauts)
 A = Elapsed time spent in this place.
 B = Non-inter-level travel time spent in this place.
 C = Inter-level travel time spent in this place.
 D = Time resting spent in this place.
 E = Time spent auto-exploring this place.
 F = Levels seen in this place.
 G = Mean time per level.
                   A        B        C        D        E       F      G
               +--------+--------+--------+--------+--------+-----+--------+
         Total |   2843 |   2689 |    154 |    121 |   2011 |   4 |  710.8 |
       Dungeon |   2843 |   2689 |    154 |    121 |   2011 |   4 |  710.8 |
               +--------+--------+--------+--------+--------+-----+--------+

Top non-repeatable levels by time:
     D:2: 1196 daAuts
     D:3: 766 daAuts
     D:1: 580 daAuts
     D:4: 299 daAuts
